 Dungeon Crawl Stone Soup version 0.24.0-7-gb3623d2c88 (webtiles) character file.

Game seed: 9034733960156783555, levelgen mode: deterministic

112095 Thantalas the Warrior (level 16, -35/136 HPs)
             Began as a Demonspawn Gladiator on Nov 2, 2019.
             Was the Champion of Cheibriados.
             Annihilated by an enormous slime creature (47 damage)
             ... on level 14 of the Dungeon.
             The game lasted 01:21:55 (26146 turns).

Thantalas the Warrior (Demonspawn Gladiator)       Turns: 26146, Time: 01:21:55

Health: -35/136    AC: 25    Str: 36    XL:     16   Next: 11%
Magic:  0/25       EV: 19    Int: 26    God:    Cheibriados [******]
Gold:   3287       SH:  4    Dex: 27    Spells: 4/15 levels left

rFire    . . .     SeeInvis +   b - +9 bardiche
rCold    . . .     Gourm    .   (shield currently unavailable)
rNeg     + + .     Faith    .   o - +2 plate armour {rPois}
rPois    +         Spirit   +   H - +1 helmet
rElec    .         Reflect  +   P - scarf {cloud immunity}
rCorr    .         Harm     .   s - +0 pair of gloves {archery}
MR       +++..                  L - +0 pair of boots
Stlth    ..........             n - +4 amulet of reflection
HPRegen  0.32/turn              l - ring "Zesoruir" {+Fly rN++ MR++ Dex-2}
MPRegen  0.38/turn              z - ring of see invisible

@: very slow
A: hooves 1, molten scales 2, demonic guardian 1, magic shield, magic
regeneration, magic link
a: Bend Time, Temporal Distortion, Slouch, Step From Time, Renounce Religion,
Evoke Flight


You were on level 14 of the Dungeon.
You worshipped Cheibriados.
Cheibriados was exalted by your worship.
You were hungry.

You visited 4 branches of the dungeon, and saw 23 of its levels.
You also visited: Sewer, Ossuary, Bailey, Gauntlet and Volcano.

You collected 3315 gold pieces.
You spent 28 gold pieces at shops.

Inventory:

Hand Weapons
 a - the +10 shortbow of Havoc {velocity, rF+ Int+3}
   (You found it on level 9 of the Dungeon)

   Any arrow fired from it inflicts extra damage.
   It affects your intelligence (+3).
   It protects you from fire.
 b - a +9 bardiche (weapon)
   (You took it off an orc knight on level 13 of the Dungeon)
Missiles
 i - 4 throwing nets (quivered) {!f}
 G - 287 arrows
Armour
 o - a +2 plate armour of poison resistance (worn)
   (You took it off an orc warlord on level 2 of the Orcish Mines)
 s - a +0 pair of gloves of archery (worn)
   (You found it on level 12 of the Dungeon)
 H - a +1 helmet (worn)
 L - a +0 pair of boots (worn)
   (You found it on level 4 of the Lair of Beasts)
 P - a scarf of cloud immunity (worn)
   (You found it on level 12 of the Dungeon)
Jewellery
 g - an uncursed ring of resist corrosion
   (You found it on level 14 of the Dungeon)
 l - the ring "Zesoruir" (left hand) {+Fly rN++ MR++ Dex-2}
   (You acquired it in a bailey)

   [ring of flight]

   It affects your dexterity (-2).
   It greatly protects you from negative energy.
   It affects your resistance to hostile enchantments.
   It lets you fly.
 n - a +4 amulet of reflection (around neck)
   (You found it on level 1 of the Dungeon)
 z - a ring of see invisible (right hand)
   (You took it off a minotaur in a Gauntlet)
Wands
 c - a wand of disintegration (10)
   (You found it on level 9 of the Dungeon)
 d - a wand of iceblast (21)
   (You found it on level 4 of the Dungeon)
 u - a wand of paralysis (5)
   (You found it on level 5 of the Lair of Beasts)
 v - a wand of digging (4)
   (You found it on level 11 of the Dungeon)
 x - a wand of acid (2)
   (You found it on level 10 of the Dungeon)
Scrolls
 e - a scroll of fear
 p - 8 scrolls of teleportation {@r4}
 r - 2 scrolls of fog
 w - 5 scrolls of enchant armour
 C - 14 scrolls of remove curse {@r2}
 E - 13 scrolls of identify {@r1}
 I - 7 scrolls of amnesia
Potions
 h - 5 potions of flight
 j - 3 potions of brilliance
 k - 4 potions of mutation {!q}
 m - 3 potions of cancellation
 t - a potion of invisibility
 A - a potion of resistance
 B - a potion of ambrosia
 D - a potion of might
 F - 4 potions of magic
 J - 6 potions of curing {@q1}
Miscellaneous
 q - a phantom mirror
 N - a lamp of fire (inert)
   (You found it on level 12 of the Dungeon)
Comestibles
 f - 30 rations {!d}


   Skills:
 + Level 15.3 Fighting
 + Level 11.9 Polearms
 + Level 9.5 Bows
 - Level 2.0 Throwing
 - Level 11.0 Armour
 - Level 11.0 Dodging
 + Level 12.4 Invocations


You had 4 spell levels left.
You knew the following spells:

 Your Spells              Type           Power        Failure   Level  Hunger
b - Blink                 Tloc           N/A          67%         2    ###....
c - Apportation           Tloc           #.....       54%         1    ##.....
e - Regeneration          Chrm/Necr      #.........   88%         3    ####...
f - Borgnjor's Vile Clut  Necr/Erth      #.........   100%        5    ######.

Your spell library contained the following spells:

 Spells                   Type           Power        Failure   Level  Hunger
 Corona                   Hex            #......      54%         1    ##.....
 Infusion                 Chrm           #...         54%         1    ##.....
 Magic Dart               Conj           #...         54%         1    ##.....
 Summon Butterflies       Summ           #.......     54%         1    ##.....
 Call Imp                 Summ           #.......     67%         2    ###....
 Ensorcelled Hibernation  Hex/Ice        #.....       67%         2    ###....
 Poisonous Vapours        Pois/Air       #.....       67%         2    ###....
 Shroud of Golubria       Chrm/Tloc      #.....       67%         2    ###....
 Slow                     Hex            #.......     67%         2    ###....
 Song of Slaying          Chrm           #.......     67%         2    ###....
 Swiftness                Chrm/Air       #.......     67%         2    ###....
 Confuse                  Hex            #.......     88%         3    ####...
 Conjure Flame            Conj/Fire      #.......     88%         3    ####...
 Dazzling Spray           Conj/Hex       #.....       88%         3    ####...
 Gell's Gravitas          Tloc           #.........   88%         3    ####...
 Lesser Beckoning         Tloc           #.........   88%         3    ####...
 Mephitic Cloud           Conj/Pois/Air  #.......     88%         3    ####...
 Recall                   Summ/Tloc      N/A          88%         3    ####...
 Spectral Weapon          Hex/Chrm       #.......     88%         3    ####...
 Teleport Other           Tloc           #.......     88%         3    ####...
 Tukima's Dance           Hex            #.......     88%         3    ####...
 Animate Dead             Necr           N/A          99%         4    #####..
 Passage of Golubria      Tloc           N/A          99%         4    #####..
 Alistair's Intoxication  Tmut/Pois      #.......     100%        5    ######.
 Death Channel            Necr           #.........   100%        6    #######
 Invisibility             Hex            #.......     100%        6    #######
 Simulacrum               Ice/Necr       #.........   100%        6    #######
 Ring of Flames           Chrm/Fire      #.........   100%        7    #######


Dungeon Overview and Level Annotations

Branches:
Dungeon (14/15)            Temple (1/1) D:4            Lair (6/6) D:11
 Shoals (0/4) Lair:3        Snake (0/4) Lair:2        Slime (0/5) Lair:5
    Orc (2/2) D:11            Elf (0/3) Orc:2        Vaults (0/5) D:13
  Sewer (visited)         Ossuary (visited)          Bailey (visited)
Volcano (visited)         Gauntlet (visited)

Altars:
Ashenzari
Cheibriados
Dithmenos
Elyvilon
Fedhas
Gozag
Hepliaklqana
Kikubaaqudgha
Makhleb
Nemelex Xobeh
Okawaru
Qazlal
Ru
Sif Muna
Trog
Uskayaw
Vehumet
Wu Jian
Xom
Yredelemnul
Zin
The Shining One
Jiyva

Shops:
Orc:2 *(:[

Annotations:
D:14 2 transporters, Josephine; bildradio's ghost, journeyman MiBe


Innate Abilities, Weirdness & Mutations

You have large cloven feet.
You are mostly covered in molten scales. (AC +3)
A weak demonic guardian rushes to your aid.
When hurt, damage is shared between your health and your magic reserves.
You regenerate magic rapidly.
When low on magic, you restore magic in place of health.


Message History

The enormous slime creature quivers.
You swap places.
The enormous slime creature barely misses your ufetubus.
Your ufetubus hits the enormous slime creature but does no damage.
Your ufetubus hits the enormous slime creature.
The enormous slime creature hits your ufetubus.
Your ufetubus hits the enormous slime creature. x3
Your ufetubus closely misses the enormous slime creature.
The enormous slime creature hits your ufetubus!
Your ufetubus dies!
Aim the lamp in which direction?
Aim: Josephine, wielding a +0 dagger and wearing a +0 robe The trail of fire hits the enormous slime creature!
The trail of fire hits Josephine!
The trail of fire hits the centaur warrior.
The trail of fire hits the wraith.
The centaur warrior is engulfed in blazing flames.
The enormous slime creature is engulfed in blazing flames.
The wraith is engulfed in blazing flames.
Josephine is engulfed in blazing flames.
The centaur warrior is engulfed in blazing flames.
The centaur warrior is engulfed in blazing flames.
The enormous slime creature is engulfed in blazing flames.
The wraith is engulfed in blazing flames.
Josephine is engulfed in blazing flames.
The centaur warrior is engulfed in blazing flames.
The wraith is engulfed in blazing flames.
The enormous slime creature is engulfed in blazing flames.
Josephine is engulfed in blazing flames.
The centaur warrior is engulfed in blazing flames.
The centaur warrior is engulfed in blazing flames.
The wraith is engulfed in blazing flames.
You destroy the wraith!
Cheibriados thoroughly appreciates the change of pace.
Josephine is engulfed in blazing flames.
Josephine drinks a potion.
Josephine is healed!
The centaur warrior is engulfed in blazing flames.
The enormous slime creature completely misses you.
The centaur warrior is engulfed in blazing flames.
Josephine is engulfed in blazing flames.
The enormous slime creature hits you!!!
* * * LOW HITPOINT WARNING * * *
Okay, then.
Here: an enormous slime creature (severely wounded)
The floor.
Unknown command.
You slice the enormous slime creature!! The enormous slime creature hits you.
Josephine screams, "I'll use your head as a decoration in my hut!"
The enormous slime creature hits you!!!
You die...

## #.# #W# #.# #.#
#.# #c# #@# #J#
#@# #.#
################5#
#................#
#.################
#.# ..# ###


You could see Josephine, an enormous slime creature, a centaur warrior, a wraith
and a friendly quasit.

Vanquished Creatures
  A tengu reaver (D:12)
  2 orc warlords
  A stone giant (D:12)
  An ironheart preserver (D:13)
  A minotaur (Gauntlet)
  An ettin (Orc:1)
  A fire dragon (Lair:6)
  The ghost of Dikli the Blocker, a journeyman MiBe of Trog (Lair:3)
  7 hydras
  A rakshasa (D:14)
  An alligator (Lair:6)
  2 centaur warriors
  6 death yaks (Lair:6)
  A dancing weapon (Volcano)
  9 two-headed ogres
  A death knight (D:12)
  2 orc high priests (Orc:2)
  A skeletal warrior (D:12)
  A swamp dragon (Lair:6)
  6 wizards
  4 unseen horrors
  A lindwurm (Lair:6)
  6 orc knights
  2 deep elf magi (D:12)
  A manticore (D:12)
  5 oklob plants
  A wolf spider (Lair:6)
  5 cyclopes
  4 orc sorcerers
  3 ugly things
  5 toenail golems (Volcano)
  14 black mambas
  Maurice (D:8)
  A guardian serpent (Lair:6)
  3 elephants (Lair:5)
  16 spiny frogs
  2 gargoyles
  2 kobold demonologists (D:11)
  An efreet (D:8)
  2 rime drakes
  10 komodo dragons
  A tengu conjurer (D:12)
  3 meliai (D:14)
  14 trolls
  Prince Ribbit (D:9)
  7 hornets
  14 slime creatures
  12 hippogriffs
  6 blink frogs (Lair:6)
  A snapping turtle (Lair:3)
  2 shadows
  3 redbacks (Lair:6)
  12 wyverns
  32 yaks
  Eustachio (D:5)
  3 wraiths
  4 basilisks
  7 hungry ghosts
  3 steam dragons (Lair:6)
  12 vampire mosquitoes
  7 wargs
  3 acid dragons
  An acid dragon (shapeshifter) (D:12)
  3 soldier ants
  22 water moccasins
  Duvessa (D:6)
  Edmund (D:5)
  2 hell hounds (Gauntlet)
  9 porcupines
  4 ice beasts
  28 orc warriors
  5 sky beasts
  2 swamp drakes (Lair:6)
  A hornet zombie (D:10)
  5 black bears
  An eye of draining (D:13)
  A phantom (D:9)
  6 wolves
  A necrophage (D:9)
  14 ogres
  11 centaurs
  16 crocodiles
  8 big kobolds
  20 bullfrogs
  2 wyvern zombies
  6 gnoll sergeants
  5 scorpions
  Dowan (D:6)
  10 killer bees
  9 wights (D:14)
  5 electric eels
  5 howler monkeys
  7 crimson imps
  A quasit (D:8)
  A centaur zombie (D:8)
  2 bullfrog zombies
  A jelly (D:12)
  Crazy Yiuf (D:7)
  4 centaur skeletons
  3 hounds
  16 orc wizards
  A bullfrog skeleton (D:8)
  4 iguanas
  Ijyb (D:3)
  11 orc priests
  Terence (D:2)
  8 worker ants
  A hound zombie (D:5)
  2 hound skeletons
  4 mummies
  2 worker ant zombies
  16 gnolls
  A howler monkey skeleton (D:6)
  15 adders
  8 shadow imps
  2 white imps (Gauntlet)
  An ooze (Sewer)
  2 adder skeletons
  3 worms
  2 dart slugs (D:3)
  4 leopard geckos
  71 orcs
  2 ball pythons (Sewer)
  11 bats
  9 giant cockroaches
  2 gnoll zombies (Ossuary)
  23 goblins
  10 hobgoblins
  12 jackals
  26 kobolds
  3 quokkas
  7 frilled lizards
  4 goblin zombies
  4 hobgoblin zombies (Ossuary)
  5 kobold zombies
  A leopard gecko skeleton (D:6)
  An orc zombie (Ossuary)
  A quokka skeleton (D:5)
  18 rats
  A fungus (Orc:2)
  5 plants
830 creatures vanquished.

Vanquished Creatures (collateral kills)
  A hydra (D:13)
  A hell beast (Gauntlet)
  2 two-headed ogres
  A wizard (Volcano)
  An elephant (Lair:5)
  A spiny frog (Lair:6)
  A troll (Orc:2)
  A slime creature (D:13)
  4 yaks
  A water moccasin (Lair:6)
  A porcupine (Lair:3)
  2 orc warriors
  A sky beast (D:7)
  A centaur (D:7)
  A big kobold (Sewer)
  A bullfrog (Lair:4)
  An orc wizard (D:7)
  2 gnolls
  3 goblins
  3 kobolds
  A fungus (Lair:6)
31 creatures vanquished.

Vanquished Creatures (others)
  6 kobolds (Bailey)
  A goblin zombie (Ossuary)
  25 fungi
  15 plants
  A withered plant (Gauntlet)
48 creatures vanquished.

Grand Total: 909 creatures vanquished

Notes
Turn   | Place    | Note
-------+----------+-------------------------------------------
     0 | D:1      | Thantalas the Demonspawn Gladiator began the quest for the
                  | Orb.
     0 | D:1      | Reached XP level 1. HP: 16/16 MP: 1/1
   123 | D:1      | Gained mutation: You have large cloven feet. [demonic
                  | ancestry]
   123 | D:1      | Reached XP level 2. HP: 20/22 MP: 2/2
   708 | D:1      | Reached XP level 3. HP: 28/28 MP: 3/3
  1161 | D:2      | Noticed Terence
  1174 | D:2      | Killed Terence
  1174 | D:2      | Reached skill level 1 in Armour
  1233 | D:2      | Reached XP level 4. HP: 34/34 MP: 4/4
  1617 | D:2      | Found a faded altar of an unknown god.
  1886 | D:2      | Reached skill level 3 in Fighting
  2220 | D:3      | Reached XP level 5. HP: 38/41 MP: 5/5
  2327 | D:3      | Noticed Ijyb
  2335 | D:3      | Killed Ijyb
  2842 | D:4      | Found a staircase to the Ecumenical Temple.
  2985 | Temple   | Entered the Ecumenical Temple
  3026 | Temple   | Became a worshipper of Cheibriados the Contemplative
  3524 | D:4      | Reached XP level 6. HP: 43/47 MP: 6/6
  3829 | D:4      | Reached skill level 4 in Fighting
  4019 | D:5      | Entered Level 5 of the Dungeon
  4041 | D:5      | Noticed a sky beast
  4055 | D:5      | Killed a sky beast
  4055 | D:5      | Reached * piety under Cheibriados
  4055 | D:5      | Reached XP level 7. HP: 54/54 MP: 7/7
  4214 | D:5      | Noticed Edmund
  4228 | D:5      | Killed Edmund
  4236 | D:5      | Found an opulent altar of Gozag.
  4298 | D:5      | Found a glowing drain.
  4314 | Sewer    | Entered a sewer
  4446 | Sewer    | Reached ** piety under Cheibriados
  4446 | Sewer    | Reached skill level 5 in Polearms
  4446 | Sewer    | Reached skill level 5 in Dodging
  4446 | Sewer    | Gained mutation: A weak demonic guardian rushes to your
                  | aid. [demonic ancestry]
  4446 | Sewer    | Reached XP level 8. HP: 42/61 MP: 8/8
  4455 | Sewer    | Reached skill level 5 in Fighting
  4733 | D:5      | Noticed Eustachio
  4740 | D:5      | Killed Eustachio
  4899 | D:6      | Noticed Dowan
  4899 | D:6      | Noticed Duvessa
  4904 | D:6      | Killed Dowan
  4909 | D:6      | Killed Duvessa
  5116 | D:6      | Reached *** piety under Cheibriados
  5465 | D:7      | Reached skill level 6 in Fighting
  5477 | D:7      | Reached skill level 5 in Armour
  5488 | D:7      | Gained mutation: You are partially covered in molten
                  | scales. (AC +2) [demonic ancestry]
  5488 | D:7      | Reached XP level 9. HP: 43/69 MP: 9/9
  5528 | D:7      | Found a flagged portal.
  5531 | D:7      | Reached **** piety under Cheibriados
  5618 | Bailey   | Entered a bailey
  5657 | Bailey   | Noticed an orc warlord
  5699 | Bailey   | Noticed an orc knight
  5721 | Bailey   | Killed an orc knight
  6201 | Bailey   | Found a runed translucent gate.
  6203 | Bailey   | Found a runed translucent gate.
  6204 | Bailey   | Found a runed translucent gate.
  6249 | Bailey   | Killed an orc warlord
  6249 | Bailey   | Reached skill level 7 in Fighting
  6249 | Bailey   | Reached XP level 10. HP: 56/79 MP: 10/10
  6266 | Bailey   | Identified a scroll of acquirement
  6267 | Bailey   | Got a scorched gossamer ring
  6269 | Bailey   | Identified the ring "Zesoruir" {+Fly rN++ MR++ Dex-2} (You
                  | acquired it in a bailey)
  6404 | D:7      | Found a runed translucent door.
  6405 | D:7      | Noticed Crazy Yiuf
  6531 | D:7      | You fall into a shaft and drop 2 floors!
  6535 | D:9      | Got a jewelled shortbow
  6539 | D:9      | Identified the +10 shortbow of Havoc {velocity, rF+ Int+3}
                  | (You found it on level 9 of the Dungeon)
  6659 | D:8      | Reached skill level 12 in Fighting
  6659 | D:8      | Reached XP level 11. HP: 93/95 MP: 11/11
  6694 | D:8      | Found a sand-covered staircase.
  6702 | Ossuary  | Entered an ossuary
  6742 | Ossuary  | Reached ***** piety under Cheibriados
  7248 | D:8      | Noticed a two-headed ogre
  7254 | D:8      | Killed a two-headed ogre
  7254 | D:8      | Reached skill level 1 in Bows
  7550 | D:7      | Killed Crazy Yiuf
  7632 | D:8      | Noticed a two-headed ogre
  7637 | D:8      | Killed a two-headed ogre
  7720 | D:8      | Noticed Maurice
  7727 | D:8      | Killed Maurice
  7909 | D:8      | Noticed a two-headed ogre
  7912 | D:8      | Killed a two-headed ogre
  8322 | D:8      | Found a burning altar of Makhleb.
  8339 | D:8      | Noticed a cyan ugly thing
  8347 | D:8      | Killed a cyan ugly thing
  8398 | D:8      | Found a shadowy altar of Dithmenos.
  8858 | D:9      | Noticed Prince Ribbit
  8859 | D:9      | Noticed a two-headed ogre
  8862 | D:9      | Killed Prince Ribbit
  8868 | D:9      | Killed a two-headed ogre
  8868 | D:9      | Reached skill level 1 in Invocations
  9148 | D:10     | Entered Level 10 of the Dungeon
  9185 | D:10     | Noticed a two-headed ogre
  9195 | D:10     | Killed a two-headed ogre
  9414 | D:10     | Killed an unseen horror
  9600 | D:10     | Gained mutation: When hurt, damage is shared between your
                  | health and your magic reserves. [demonic ancestry]
  9600 | D:10     | Reached XP level 12. HP: 99/103 MP: 14/14
  9750 | D:10     | Paralysed by a hornet for 1 turns
 10043 | D:11     | Reached ****** piety under Cheibriados
 10176 | D:11     | Found a staircase to the Lair.
 10406 | D:11     | Found a staircase to the Orcish Mines.
 10442 | D:11     | Reached skill level 13 in Fighting
 10853 | Lair:1   | Entered Level 1 of the Lair of Beasts
 10856 | Lair:1   | Reached skill level 5 in Invocations
 10966 | Lair:1   | Noticed a six-headed hydra
 10972 | Lair:1   | Killed a six-headed hydra
 11929 | Lair:2   | Reached skill level 5 in Bows
 11948 | Lair:2   | Found a staircase to the Snake Pit.
 12299 | Lair:2   | Gained mutation: You regenerate magic rapidly. [demonic
                  | ancestry]
 12299 | Lair:2   | Reached XP level 13. HP: 111/111 MP: 17/17
 12919 | Lair:3   | Found a runed translucent gate.
 12920 | Lair:3   | Found a runed translucent gate.
 12921 | Lair:3   | Found a runed translucent gate.
 12925 | Lair:3   | Noticed Dikli's ghost (journeyman MiBe)
 12959 | Lair:3   | Found an iron altar of Okawaru.
 13146 | Lair:3   | Killed Dikli's ghost
 13149 | Lair:3   | Found a staircase to the Shoals.
 13353 | Lair:3   | Got a bloodstained war axe
 13361 | Lair:3   | Got a heavily runed cloak
 13374 | Lair:3   | Identified the cursed +0 cloak of Tenacity {+Blink} (You
                  | found it on level 3 of the Lair of Beasts)
 13385 | Lair:3   | Identified the +5 war axe of Spores {elec, rN++} (You found
                  | it on level 3 of the Lair of Beasts)
 13908 | Lair:4   | Found a radiant altar of Vehumet.
 15501 | Lair:5   | Found a dark tunnel.
 15514 | Volcano  | Entered a volcano
 16311 | Lair:5   | Found a staircase to the Slime Pits.
 16311 | Lair:5   | Found a viscous altar of Jiyva.
 17255 | Lair:5   | Reached skill level 10 in Polearms
 17312 | Lair:6   | Entered Level 6 of the Lair of Beasts
 17402 | Lair:6   | Gained mutation: When low on magic, you restore magic in
                  | place of health. [demonic ancestry]
 17402 | Lair:6   | Reached XP level 14. HP: 60/119 MP: 11/20
 17461 | Lair:6   | Reached skill level 10 in Dodging
 17771 | Lair:6   | Reached skill level 14 in Fighting
 18627 | Lair:6   | Reached skill level 10 in Armour
 18912 | Lair:6   | Paralysed by a hornet for 3 turns
 19718 | Lair:6   | Reached skill level 10 in Invocations
 20486 | D:12     | Found an ancient bone altar of Kikubaaqudgha.
 20572 | D:12     | Gained mutation: You are mostly covered in molten scales.
                  | (AC +3) [demonic ancestry]
 20572 | D:12     | Reached XP level 15. HP: 79/127 MP: 5/22
 20576 | D:12     | Noticed a tengu reaver
 20624 | D:12     | Killed a tengu reaver
 21075 | D:12     | Identified the Disquisition on Venomous Good Luck
 21191 | D:12     | Identified the +3 flail "Demonslayer" {speed, rPois rN+
                  | Dex-4 Stlth+}
 21964 | Orc:1    | Entered Level 1 of the Orcish Mines
 22561 | Orc:2    | Entered Level 2 of the Orcish Mines
 22603 | Orc:2    | Noticed an orc warlord
 22615 | Orc:2    | Killed an orc warlord
 22705 | Orc:2    | Found Datatzonn's Antique Armour Boutique.
 22814 | Orc:2    | Found Jomizisu's Antique Weapon Emporium.
 22840 | Orc:2    | Found Houffez's Book Shop.
 22842 | Orc:2    | Found a gate leading to a gauntlet.
 22845 | Orc:2    | Found a staircase to the Elven Halls.
 22852 | Gauntlet | Entered a Gauntlet
 22852 | Gauntlet | Found a transporter.
 22852 | Gauntlet | Found a transporter.
 22870 | Gauntlet | Found a transporter.
 22874 | Gauntlet | Found a transporter.
 22882 | Gauntlet | Found a transporter.
 22886 | Gauntlet | Found a transporter.
 22890 | Gauntlet | Found a runed translucent door.
 22890 | Gauntlet | Found a runed translucent door.
 22894 | Gauntlet | Found a transporter.
 22910 | Gauntlet | Identified the +2 ring mail of True Grit {rPois rC+ MR+
                  | Slay-3}
 22910 | Gauntlet | Found a transporter.
 22924 | Gauntlet | Found a transporter.
 22928 | Gauntlet | Found a transporter.
 22936 | Gauntlet | Found a transporter.
 22940 | Gauntlet | Found a transporter.
 23101 | Gauntlet | Got a wavering amber ring
 23105 | Gauntlet | Identified the ring of Egokunna {Fire rN+} (You found it in
                  | a Gauntlet)
 23221 | Gauntlet | Got a slimy falchion
 23222 | Gauntlet | Identified the +2 falchion of Premature Burial {drain, MR++
                  | Dex+4} (You found it in a Gauntlet)
 23425 | Orc:2    | Reached skill level 15 in Fighting
 23491 | Orc:2    | Found Beuhaf Quipp's General Store.
 23516 | Orc:2    | Bought a scroll of identify for 28 gold pieces
 24156 | D:13     | Learned a level 1 spell: Apportation
 24159 | D:13     | Learned a level 2 spell: Blink
 24163 | D:13     | Learned a level 3 spell: Regeneration
 24169 | D:13     | Learned a level 5 spell: Borgnjor's Vile Clutch
 24226 | D:13     | Found a gate to the Vaults.
 24640 | D:13     | Found a shimmering altar of Xom.
 25300 | D:13     | Reached XP level 16. HP: 124/136 MP: 22/25
 25725 | D:14     | Noticed bildradio's ghost (journeyman MiBe)
 25935 | D:14     | Found a transporter.
 25936 | D:14     | Found a transporter.
 26134 | D:14     | Noticed Josephine
 26146 | D:14     | Annihilated by an enormous slime creature

Levels and vault maps discovered:
D:1:      dpeg_arrival_erosion, layout_basic
D:2:      minmay_diamond_boxcup, layout_loops_ring,
          chequers_ecumenical_altar_simple, uniq_terence
D:3:      kennysheep_the_goblin_king, layout_loops_ring, uniq_ijyb
D:4:      layout_rooms, minmay_temple_entry_crystal_x, minmay_checkerbox
D:5:      layout_rooms, basic_altar, first_ration, portal_sewer_entry_b,
          uniq_eustachio, uniq_edmund
D:6:      layout_basic, uniq_duvessa
D:7:      layout_rooms, enter_bailey_3, uniq_crazy_yiuf_cottage
D:8:      layout_basic, grunt_dithmenos_smoke_and_mirrors,
          nicolae_ossuary_entry_giza, basic_altar, uniq_maurice
D:9:      layout_basic, uniq_prince_ribbit1
D:10:     layout_roguey, hangedman_pestilent_swarm
D:11:     layout_irregular_city, due_lair_maze_entry_diamond,
          kennysheep_orc_monster_closet_entryway, minmay_misc_feat_five,
          minmay_splitting_lines
D:12:     minmay_heptahexagon, layout_basic, basic_altar,
          minmay_misc_feat_nine_boxes
D:13:     layout_basic, skrybe_vaults_entry_preservation, lemuel_oklob_altar
D:14:     layout_loops_ring, gammafunk_ghost_hive, uniq_azrael, uniq_josephine
Temple:   regret_index_temple_sigil_plot
Lair:1:   layout_cave_pods, serial_bayou_shore_b, infiniplex_staircase_pool,
          grunt_megastairs_5
Lair:2:   layout_misc_corridors, dummy_snake_entry
Lair:3:   layout_regular_city, minmay_shoals_entry_hut,
          gammafunk_ghost_hydra_chop, basic_altar, beast_lair_carwin_3,
          grunt_megastairs_4, serial_bayou_shore_b
Lair:4:   layout_gridlike, basic_altar, grunt_megastairs_2,
          infiniplex_staircase_pool_2, minmay_lair_oklob_chamber
Lair:5:   layout_gridlike, slime_altar_1, nicolae_volcano_entry_two_sided,
          disabler_island, lemuel_fruit_tree
Lair:6:   guppyfry_lair_end_dragon, layout_loops_ring,
          hangedman_lair_tendril_chambers, grunt_megastairs_3
Orc:1:    layout_caves, nooodl_orcs_dogs
Orc:2:    grunt_orc_gardens, layout_caves, grunt_orc_garden, grunt_orc_garden,
          grunt_orc_garden, grunt_orc_garden, gauntlet_entry_generic

Skill      XL: |  1  2  3  4  5  6  7  8  9 10 11 12 13 14 15 |
---------------+----------------------------------------------+-----
Throwing       | 2 |  2.0
Dodging        | 3 4 5 6 7 8 9 10 11 | 11.0
Polearms       | 3 4 5 6 7 8 9 10 11 | 11.9
Armour         | 1 2 3 5 6 7 8 9 10 11 | 11.0
Fighting       | 3 4 6 7 12 13 14 15 | 15.3
Bows           | 3 5 6 8 9 |  9.5
Invocations    | 2 6 8 10 12 | 12.4

Action                   |  1- 3 |  4- 6 |  7- 9 | 10-12 | 13-15 | 16-18 || total
-------------------------+-------+-------+-------+-------+-------+-------++-------
Melee: Trident           |   105 |   287 |   200 |       |       |       ||   592
       Kick              |    11 |    66 |   104 |   105 |    46 |       ||   332
       Halberd           |       |       |   129 |    17 |       |       ||   146
       Glaive            |       |       |       |   217 |   284 |       ||   501
       Spear             |       |       |       |     3 |       |       ||     3
       Bardiche          |       |       |       |       |    56 |    86 ||   142
       Shortbow          |       |       |       |       |     1 |       ||     1
 Fire: Shortbow          |       |       |       |   308 |  1078 |       ||  1386
Throw: Throwing net      |     2 |       |       |       |       |       ||     2
Invok: Slouch            |       |       |       |       |    10 |       ||    10
Evoke: Wand              |       |       |     7 |     4 |     6 |       ||    17
       Lamp of fire      |       |       |       |       |       |     1 ||     1
  Use: Scroll            |       |    16 |     2 |    12 |    26 |     1 ||    57
       Potion            |       |     4 |     7 |     1 |    17 |       ||    29
 Stab: Distracted        |     2 |       |     2 |     7 |     6 |       ||    17
  Eat: Chunk             |     1 |     7 |     3 |     8 |    19 |     1 ||    39
       Ration            |       |     1 |       |     2 |     2 |       ||     5
Armor: Leather armour    |    10 |       |       |       |       |       ||    10
       Scale mail        |    16 |    41 |       |       |       |       ||    57
       Chain mail        |       |   133 |   120 |       |       |       ||   253
       Plate armour      |       |       |    80 |   207 |   589 |    32 ||   908
Dodge: Dodged            |    63 |   128 |   263 |   264 |  1018 |   103 ||  1839
Block: Other             |       |    33 |    88 |    68 |   205 |    22 ||   416
       Reflection        |       |       |    37 |     5 |     6 |     3 ||    51
